 Dungeon Crawl Stone Soup version 0.31-a0-177-g4aa6249778 (webtiles) character file.

Game seed: 14451275961115064050

100 Maxmaps the Shooter (level 5, -4/37 (38) HPs)
             Began as a Formicid Hunter on June 19, 2023.
             Killed by divine providence
             ... invoked by an orc priest
              (12 damage)
             ... on level 3 of the Dungeon.
             The game lasted 00:01:40 (1569 turns).

Maxmaps the Shooter (Formicid Hunter)               Turns: 1569, Time: 00:01:41

HP:   -4/37 (38)    AC:  5    Str: 15    XL:     5   Next: 3%
MP:   0/5           EV: 12    Int:  9    God:
Gold: 118           SH:  0    Dex: 19    Spells: 4/4 levels left

rFire   . . .        a - +0 shortbow
rCold   . . .        (no shield)
rNeg    . . .        c - +0 leather armour
rPois   .            (helmet unavailable)
rElec   .            l - +0 cloak
rCorr   .            (no gloves)
SInv    +            r - +0 pair of boots
Will    .....        o - amulet of guardian spirit
Stlth   ++           (no ring)
HPRegen 0.26/turn    (no ring)
MPRegen 0.09/turn

%: guardian spirit
@: lightly drained
A: permanent stasis, dig shafts and tunnels, antennae 3, four strong arms
a: Dig, Shaft Self


You were on level 3 of the Dungeon.
You visited 1 branch of the dungeon, and saw 3 of its levels.

You collected 118 gold pieces.

Inventory:

Hand Weapons
 a - a +0 shortbow (weapon)
Armour
 c - a +0 leather armour (worn)
 l - a +0 cloak (worn)
 r - a +0 pair of boots (worn)
Jewellery
 o - an amulet of guardian spirit (around neck)
Wands
 t - a wand of flame (19)
Scrolls
 b - a scroll of butterflies
 f - a scroll of enchant armour {unknown}
 i - a scroll of identify {unknown}
 j - 2 scrolls of enchant weapon {unknown}
 k - a scroll of silence {unknown}
 m - a scroll of torment {unknown}
 n - a scroll of blinking {unknown}
 p - a scroll of vulnerability {unknown}
 s - a scroll of amnesia {unknown}
Potions
 d - a potion of heal wounds {unknown}
 e - 3 potions of curing {unknown}
 g - 3 potions of degeneration {unknown}
 h - 2 potions of haste {unknown}
 q - a potion of magic {unknown}


   Skills:
 - Level 2.1 Fighting
 + Level 6.0 Ranged Weapons
 - Level 1.7 Dodging
 - Level 1.2 Stealth


You had 4 spell levels left.
You didn't know any spells.
Your spell library was empty.

Dungeon Overview and Level Annotations

Branches:
Dungeon (3/15)

Altars:


Innate Abilities, Weirdness & Mutations

You cannot be hasted, slowed, berserked, paralysed or teleported.
You can dig through walls and to a lower floor.
You have a pair of large antennae on your head. (SInv)
Your four strong arms can wield two-handed weapons with a shield.


Message History

The orc priest is severely wounded.
The orc priest mumbles some strange prayers to Beogh against you.
You struggle to resist.
The orc priest invokes the aid of Beogh against you.
You struggle to resist.
The orc hits you with a +0 hand axe.
You see here a +0 trident.
You shoot an arrow.
The arrow hits the orc but does no damage.
The orc priest closely misses you. The orc barely misses you.
You shoot an arrow. The arrow hits the orc.
The orc is moderately wounded.
The orc closely misses you.
The orc priest hits you from afar with a +0 trident.
You shoot an arrow. The arrow hits the orc.
The orc is heavily wounded.
The orc priest invokes the aid of Beogh against you.
Beogh smites you!
* * * LOW HITPOINT WARNING * * *
The orc closely misses you.
You are too injured to fight recklessly!
You are too injured to fight recklessly!
Fire: a) +0 shortbow
Press: ? - help, Shift-Dir - straight line, f/p - orc
Aim: an orc, wielding a +0 hand axe and wearing a +0 leather armour (heavily wounded, 64% to hit)
You shoot an arrow. The arrow hits the orc!
You kill the orc!
The orc priest misses you.
Your Ranged Weapons skill increases to level 6!
Fire: a) +0 shortbow
Press: ? - help, Shift-Dir - straight line, f - orc
Aim: an orc, wielding a +0 whip of draining and wearing a +0 ring mail (69% to hit)
You shoot an arrow. The arrow completely misses the orc.
The arrow hits the orc priest.
The orc priest is almost dead.
The orc hits you with a +0 whip of draining.
You feel drained.
The orc priest mumbles some strange prayers to Beogh against you.
Beogh smites you!
You die...

####### #..@oo# #
#.###........ ..### #.#
##P...... {.. #.#
...♣PP. {##### #.# .PP♣
P #...† ####.# ...♣
..#.## #....# ## . ##..
####### #.##.#######..
..#...
#.....####<##..........
♣....>.


You could see an orc priest and an orc.

Vanquished Creatures
  Jessica (D:2)
  An adder (D:2)
  2 worms
  3 dart slugs
  2 orcs (D:3)
  6 bats
  5 endoplasms
  2 giant cockroaches (D:3)
  8 goblins
  4 hobgoblins
  2 jackals (D:1)
  A kobold (D:1)
  2 quokkas (D:1)
  2 ball pythons
  A frilled lizard (D:3)
  6 rats
48 creatures vanquished.

Notes
Turn   | Place    | Note
-------+----------+-------------------------------------------
     0 | D:1      | Maxmaps the Formicid Hunter began the quest for the Orb.
     0 | D:1      | Reached XP level 1. HP: 16/16 MP: 1/1
   162 | D:1      | Reached XP level 2. HP: 19/22 MP: 2/2
   283 | D:1      | Reached XP level 3. HP: 27/27 MP: 3/3
   400 | D:1      | Reached skill level 5 in Ranged Weapons
   732 | D:2      | Noticed Jessica
   738 | D:2      | Killed Jessica
   739 | D:2      | Reached XP level 4. HP: 30/33 MP: 4/4
  1443 | D:3      | Reached XP level 5. HP: 38/38 MP: 5/5
  1569 | D:3      | Reached skill level 6 in Ranged Weapons
  1569 | D:3      | Killed from afar by an orc priest

Illustrated notes

Levels and vault maps discovered:
D:1:      dpeg_arrival_snail, layout_rooms
D:2:      layout_loops_ring, uniq_jessica
D:3:      layout_loops_ring, serial_forest, infiniplex_forest_clump_double,
          infiniplex_forest_clump_long, infiniplex_forest_straight_1,
          infiniplex_forest_straight_3, infiniplex_forest_lined_3,
          infiniplex_forest_clump_curved, infiniplex_forest_lined_room_2,
          infiniplex_forest_diagonal, infiniplex_forest_clump_C, kennysheep_nub,
          grunt_ministairs_9

Skill      XL: |  1  2  3  4  5 |
---------------+----------------+-----
Ranged Weapons | 5 6 |  6.0
Fighting       | |  2.1
Dodging        | |  1.7
Stealth        | |  1.2

Action                     |  1- 3 |  4- 6 || total
---------------------------+-------+-------++-------
   Fire: Shortbow          |    80 |    56 ||   136
 Armour: Leather armour    |     8 |     1 ||     9
  Dodge: Dodged            |    16 |     7 ||    23

Table legend: (Time is in decaauts)
 A = Elapsed time spent in this place.
 B = Non-inter-level travel time spent in this place.
 C = Inter-level travel time spent in this place.
 D = Time resting spent in this place.
 E = Time spent auto-exploring this place.
 F = Levels seen in this place.
 G = Mean time per level.
                   A        B        C        D        E       F      G
               +--------+--------+--------+--------+--------+-----+--------+
         Total |   1593 |   1541 |     52 |      0 |   1256 |   3 |  531.0 |
       Dungeon |   1593 |   1541 |     52 |      0 |   1256 |   3 |  531.0 |
               +--------+--------+--------+--------+--------+-----+--------+

Top non-repeatable levels by time:
     D:2: 574 daAuts
     D:3: 524 daAuts
     D:1: 494 daAuts
